Map: Black Site 2E

Players

Paramount

  • Race: Zerg Zerg
  • League: Diamond
  • Spawn Location: 5:00

Phobos

  • Race: Zerg Zerg
  • League: Diamond
  • Spawn Location: 3:00

ghost

  • Race: Terran Terran
  • League: Platinum
  • Spawn Location: 6:00

Yata - Winner!

  • Race: Zerg Zerg
  • League: Gold
  • Spawn Location: 11:00

Myhome - Winner!

  • Race: Terran Terran
  • League: Diamond
  • Spawn Location: 12:00

SHreddedWInd - Winner!

  • Race: Protoss Protoss
  • Spawn Location: 9:00

VOD

Have the link to the VOD?

Description

Time

  • Played on: Aug. 31, 2017, 11:43 p.m.
  • Length: 20:32
Show
View Real Time Build Order
Export as new Build Order

Paramount Zerg 

Build Orders: 3 Hatch before Pool, Lurkers 

Get SALT Encoding   

  12  0:01  Drone  
  13  0:08  Drone  
  14  0:17  Overlord  
  14  0:37  Drone x3  
  17  0:56  Hatchery  
  16  0:59  Drone  
  17  1:04  Drone  
  17  1:10  Drone  
  19  1:25  Hatchery  
  18  1:32  Extractor  
  17  1:33  Drone  
  17  1:34  Drone  
  17  1:35  Extractor  
  18  1:45  Drone  
  19  1:52  Spawning Pool  
  18  1:59  Drone  
  19  2:05  Drone  
  20  2:12  Drone  
  21  2:19  Drone  
  21  2:21  Drone  
  23  2:42  Queen x2  
  27  2:46  Queen  
  29  2:52  Metabolic Boost  
  29  2:56  Drone  
  30  3:00  Drone  
  30  3:03  Drone  
  32  3:06  Drone  
  32  3:10  Drone  
  34  3:16  Overlord  
  34  3:26  Overlord  
  34  3:36  Zergling x4  
  34  3:37  Zergling x6  
  39  3:48  Zergling x4  
  41  3:52  Drone  
  41  3:53  Drone  
  43  4:00  Drone x4  
  43  4:01  Drone  
  48  4:05  Spore Crawler  
  47  4:10  Spore Crawler  
  47  4:15  Spore Crawler  
  47  4:17  Drone x2  
  47  4:18  Drone  
  48  4:28  Overlord  
  48  4:31  Overlord  
  48  4:35  Drone  
  48  4:36  Drone  
  50  4:44  Extractor  
  50  4:45  Extractor, Drone  
  50  4:46  Roach Warren, Drone  
  50  4:50  Drone x3  
  52  5:10  Drone x5  
  52  5:11  Drone x6  
  63  5:19  Drone  
  63  5:20  Drone x2  
  66  5:21  Overlord  
  66  5:38  Lair  
  66  5:43  Drone x3  
  66  5:44  Drone x5  
  66  5:45  Overlord  
  66  5:46  Overlord  
  74  6:03  Drone x5  
  74  6:04  Drone x5  
  82  6:06  Drone x2  
  86  6:16  Extractor x2  
  84  6:20  Evolution Chamber x2  
  78  6:35  Glial Reconstitution  
  78  6:40  Hydralisk Den  
  78  6:46  Zerg Ground Armor Level 1, Zerg Missile Weapons Level 1  
  77  6:47  Drone x2  
  77  6:48  Overlord x4  
  79  6:57  Overlord  
  79  7:02  Pneumatized Carapace  
  79  7:10  Muscular Augments  
  79  7:11  Roach, Hydralisk x6  
  79  7:12  Roach x7  
  79  7:13  Roach  
  109  7:20  Hatchery  
  108  7:35  Roach x2, Hydralisk x6  
  108  7:36  Roach x2  
  125  7:58  Hydralisk x4  
  113  7:59  Roach x4  
  113  8:01  Overlord x2  
  129  8:36  Infestation Pit, Lurker Den  
  129  8:41  Zerg Missile Weapons Level 2, Zerg Ground Armor Level 2  
  128  8:45  Hydralisk x3  
  128  8:46  Roach x5, Hatchery, Hydralisk  
  139  9:13  Hydralisk  
  139  9:14  Roach x2, Hydralisk  
  139  9:15  Overlord  
  139  9:16  Overlord x4  
  145  9:41  Hive  
  145  9:49  Hydralisk x4  
  145  9:50  Roach x5, Hydralisk  
  107  10:22  Hydralisk  
  107  10:23  Hydralisk x9  
  107  10:24  Hydralisk x3  
  119  10:36  Hydralisk x3  
  125  10:49  Hydralisk  
  125  10:50  Hydralisk  
  125  10:51  Hatchery, Pathogen Glands  
  125  10:52  Hydralisk x8  
  125  10:53  Hydralisk  
  146  11:05  Lurker x7  
  146  11:06  Lurker  
  149  11:48  Neural Parasite, Hydralisk x5  
  149  11:49  Hydralisk x5  
  153  11:58  Hydralisk  
  153  11:59  Hydralisk x6  
  137  12:20  Hydralisk x2  
  115  12:45  Hydralisk x6  
  115  12:46  Hydralisk x3  
  115  12:49  Zerg Missile Weapons Level 3  
  133  13:21  Hatchery  
  122  13:47  Hydralisk  
  116  13:48  Hydralisk x4  
  116  13:49  Hydralisk x8  
  116  13:50  Hydralisk  
  142  14:08  Hydralisk x7  
  156  14:29  Hydralisk  
  156  14:30  Hydralisk x4  
  123  14:41  Extractor  
  123  14:42  Extractor  
  111  14:56  Hydralisk x7  
  111  14:57  Hydralisk x2  
  97  15:15  Hydralisk  
  97  15:16  Hydralisk x6  
  97  15:46  Zerg Ground Armor Level 3  
  97  15:51  Hatchery  
  96  16:02  Hydralisk x3  
  96  16:03  Hydralisk x2  
  106  16:32  Hydralisk x5  
  116  17:04  Hydralisk x3  
  104  17:21  Hydralisk x3  
  94  17:45  Extractor  
  94  17:46  Extractor  
  92  17:52  Hatchery  
  91  18:04  Hydralisk  
  91  18:05  Hydralisk x7  
  21  19:46  Spawning Pool  
Show
View Real Time Build Order
Export as new Build Order

Phobos Zerg 

Build Orders: 3 Hatch before Pool 

Get SALT Encoding   

  12  0:01  Drone  
  13  0:12  Overlord  
  13  0:18  Drone  
  14  0:31  Drone x2  
  16  0:37  Drone  
  17  0:48  Drone  
  18  1:00  Drone  
  18  1:01  Hatchery  
  18  1:09  Drone  
  19  1:26  Hatchery, Drone  
  19  1:31  Extractor  
  18  1:41  Spawning Pool  
  18  1:44  Drone  
  18  1:47  Drone  
  18  1:50  Drone  
  20  2:00  Drone  
  21  2:11  Drone  
  21  2:13  Drone  
  23  2:24  Drone x2  
  25  2:31  Queen  
  25  2:33  Zergling x2  
  25  2:35  Spine Crawler  
  27  2:40  Spine Crawler  
  27  2:43  Drone x2  
  28  2:44  Drone  
  28  2:48  Drone  
  28  2:50  Drone  
  31  2:58  Queen  
  34  3:00  Overlord  
  34  3:03  Overlord  
  34  3:08  Metabolic Boost  
  34  3:21  Overlord  
  34  3:22  Drone x4  
  37  3:27  Spine Crawler  
  34  3:55  Overlord x2  
  33  3:56  Drone x4  
  33  3:57  Drone x4  
  33  3:59  Drone  
  42  4:12  Queen  
  44  4:20  Drone x3  
  44  4:21  Drone x4  
  51  4:25  Extractor  
  51  4:26  Extractor  
  51  4:28  Extractor  
  48  4:31  Lair  
  48  4:36  Zergling x6  
  51  4:43  Zergling x2  
  51  4:44  Zergling x4  
  54  4:46  Spore Crawler  
  54  4:48  Spore Crawler  
  54  4:49  Spore Crawler  
  51  5:05  Drone x6  
  57  5:18  Extractor  
  57  5:19  Extractor, Drone x3  
  58  5:28  Roach Warren  
  57  5:30  Drone x3  
  57  5:31  Evolution Chamber  
  59  5:43  Drone x2  
  59  5:44  Drone  
  62  5:52  Evolution Chamber  
  62  5:54  Drone  
  62  5:55  Drone x8  
  62  5:56  Drone x2  
  72  5:58  Infestation Pit  
  71  6:06  Queen  
  71  6:08  Glial Reconstitution, Hatchery  
  72  6:30  Roach  
  72  6:31  Overlord x3  
  74  6:43  Zerg Missile Weapons Level 1  
  74  6:44  Zerg Ground Armor Level 1  
  74  6:51  Infestor  
  74  6:52  Infestor x6  
  74  6:53  Infestor  
  90  6:56  Burrow  
  90  7:13  Overseer x2  
  90  7:16  Roach x2  
  90  7:17  Roach x2  
  86  7:39  Overlord x5  
  86  7:49  Roach x2  
  78  7:52  Drone  
  78  7:53  Drone x3  
  82  8:00  Drone x7  
  82  8:01  Drone x4  
  93  8:19  Drone x3  
  97  8:20  Drone x4  
  97  8:22  Queen x2  
  104  8:45  Roach x2  
  104  8:46  Roach x5  
  118  9:02  Zerg Missile Weapons Level 2, Zerg Ground Armor Level 2  
  118  9:09  Hatchery  
  117  9:27  Roach x3  
  117  9:28  Roach x3  
  117  9:30  Ravager x3  
  117  9:31  Ravager x4  
  136  9:41  Ravager  
  136  9:42  Ravager x6  
  143  10:00  Infestation Pit  
  143  10:06  Hydralisk Den  
  141  10:15  Roach  
  141  10:16  Overlord x2  
  141  10:17  Overlord x6  
  88  10:33  Zergling x12  
  88  10:34  Zergling x14  
  88  10:35  Zergling x16  
  97  10:36  Zergling x4  
  100  10:44  Baneling Nest  
  100  10:46  Muscular Augments  
  99  10:54  Hive  
  99  11:22  Infestor x6  
  99  11:23  Infestor  
  113  11:39  Zerg Melee Weapons Level 1  
  94  11:55  Baneling  
  94  11:56  Baneling x6  
  94  11:57  Baneling  
  94  11:59  Centrifical Hooks  
  94  12:02  Zergling x4  
  94  12:03  Zergling x16  
  94  12:04  Zergling x10  
  94  12:07  Zergling x4  
  111  12:14  Roach  
  107  12:17  Zergling x12  
  107  12:21  Baneling  
  111  12:28  Zergling x6  
  112  12:30  Zergling x2  
  113  12:41  Infestor x2  
  113  12:42  Infestor x2  
  120  12:50  Adrenal Glands  
  120  12:56  Zergling x8  
  120  12:57  Zergling x4  
  126  12:58  Zerg Ground Armor Level 3  
  124  13:14  Zergling x2  
  124  13:15  Zergling x10  
  130  13:27  Baneling x6  
  130  13:28  Baneling x6  
  130  13:29  Baneling x6  
  130  13:30  Baneling x3  
  130  13:31  Zergling x12  
  130  13:32  Zergling x16  
  144  13:36  Zergling x2  
  117  14:03  Zergling x6  
  117  14:04  Zergling x14  
  117  14:08  Zergling x4  
  126  14:26  Baneling  
  126  14:27  Baneling x7  
  126  14:28  Baneling x7  
  126  14:29  Baneling x4  
  126  14:41  Neural Parasite  
  110  15:13  Infestor x4  
  110  15:14  Infestor x2  
  106  15:17  Zergling x10  
  106  15:18  Zergling x16  
  106  15:19  Zergling x10  
  130  15:42  Infestor  
  130  15:43  Infestor x2  
  130  15:46  Zergling x8  
  130  15:47  Zergling x6  
  143  16:00  Baneling  
  143  16:01  Baneling x7  
  143  16:02  Baneling x6  
  143  16:03  Baneling  
  143  16:20  Zergling x16, Hatchery  
  143  16:21  Zergling x14  
  110  16:59  Infestor x2  
  110  17:00  Infestor x3  
  109  17:33  Baneling x12  
  109  17:34  Baneling x2  
  52  18:34  Spawning Pool  
  52  18:36  Roach  
  51  18:44  Extractor  
  51  18:45  Extractor, Baneling  
  42  19:25  Baneling Nest  
  41  19:35  Zergling x4  
  41  19:36  Zergling x14  
  50  19:46  Overlord  
  50  19:48  Overlord  
  50  19:55  Queen  
Show
View Real Time Build Order
Export as new Build Order

ghost Terran 

Build Orders: MMM Bio 

Get SALT Encoding   

  12  0:01  SCV  
  13  0:13  SCV  
  14  0:23  Supply Depot  
  14  0:33  SCV  
  15  0:46  Barracks  
  15  0:51  Refinery  
  15  0:52  SCV  
  16  1:04  SCV  
  17  1:16  SCV  
  18  1:29  SCV  
  19  1:40  Command Center  
  19  1:44  Supply Depot  
  19  1:46  Marine  
  20  2:03  Orbital Command  
  20  2:05  Marine  
  21  2:20  Factory  
  21  2:22  Refinery  
  21  2:30  Marine  
  22  2:40  SCV  
  22  2:49  Marine  
  23  2:56  Orbital Command  
  23  3:01  SCV  
  24  3:16  Barracks Tech Lab  
  24  3:18  SCV  
  25  3:22  SCV  
  25  3:25  Factory Tech Lab  
  26  3:31  Starport  
  26  3:32  SCV  
  27  3:37  Marine, Stimpack  
  28  3:59  Marine  
  28  4:01  Siege Tank  
  32  4:03  SCV x2  
  34  4:11  Engineering Bay  
  34  4:17  Starport Reactor  
  34  4:20  SCV  
  34  4:21  SCV  
  36  4:29  Marine  
  37  4:33  SCV  
  37  4:34  Siege Tank  
  37  4:39  Missile Turret  
  37  4:44  SCV  
  37  4:45  SCV  
  38  4:54  Barracks  
  38  4:57  Barracks  
  38  4:59  Medivac x2  
  42  5:00  Barracks  
  42  5:02  Terran Infantry Weapons Level 1  
  42  5:05  Missile Turret  
  42  5:07  SCV  
  43  5:26  Marauder  
  45  5:32  SCV  
  46  5:36  Refinery  
  46  5:37  Combat Shields  
  46  5:38  Refinery  
  46  5:44  Barracks Reactor  
  46  5:45  Barracks Reactor  
  46  5:48  Barracks Tech Lab  
  46  5:57  Supply Depot  
  46  6:01  Engineering Bay  
  46  6:18  SCV x2, Marine x2  
  46  6:20  Supply Depot  
  50  6:29  Supply Depot, Marine x3  
  50  6:31  SCV  
  54  6:37  Concussive Shells  
  54  6:41  SCV  
  54  6:42  Marine x2  
  54  6:43  Marine, SCV  
  54  6:46  Marine  
  54  6:47  Marine x2  
  60  6:51  Supply Depot  
  60  6:54  SCV  
  63  6:55  SCV  
  63  7:00  Marine x2  
  63  7:01  Marine  
  66  7:04  Marine x2  
  66  7:06  SCV  
  70  7:12  SCV  
  70  7:14  Sensor Tower  
  71  7:18  SCV  
  72  7:23  Marine x5  
  72  7:25  SCV  
  78  7:37  SCV  
  78  7:38  SCV  
  78  7:39  Marine  
  78  7:41  Marine x5  
  71  7:48  Armory  
  68  7:57  Marine  
  69  7:58  Marine  
  69  7:59  Marine x4  
  69  8:05  Ghost Academy  
  74  8:10  SCV x2  
  76  8:15  Marine  
  76  8:16  Marine  
  78  8:25  Marine  
  78  8:26  Marine  
  78  8:39  Starport  
  78  8:40  Terran Infantry Weapons Level 2  
  78  8:41  Terran Infantry Armor Level 1  
  78  8:46  Personal Cloaking  
  78  9:28  Command Center  
  78  9:36  Starport Tech Lab  
  78  9:41  Supply Depot  
  78  9:43  Supply Depot  
  78  9:45  Supply Depot  
  78  10:02  Marine x6  
  78  10:03  SCV x2  
  78  10:05  Medivac x2  
  78  10:06  Raven  
  92  10:15  Fusion Core, SCV x2  
  92  10:20  Ghost, Marine x4  
  100  10:23  Marine  
  101  10:32  Refinery  
  101  10:38  Refinery, Marine  
  101  10:39  Ghost, Marine x2  
  101  10:40  SCV  
  101  10:41  Marine  
  108  10:48  Ghost  
  108  10:56  Marine  
  109  10:57  Marine x2  
  109  10:58  Marine  
  111  11:07  Marine  
  112  11:14  Marine  
  112  11:15  Marine x2  
  112  11:16  Marine  
  112  11:18  Marauder  
  101  11:43  Orbital Command  
  101  11:56  Supply Depot  
  101  12:11  Marine  
  101  12:13  SCV x2, Marine, Marauder  
  95  12:25  SCV x2  
  85  12:46  Marine  
  85  12:47  Liberator, Marine x4  
  87  13:04  Marine  
  87  13:05  Marine x2  
  93  13:08  Advanced Ballistics  
  93  13:16  Supply Depot  
  93  13:17  Supply Depot  
  93  13:18  Supply Depot  
  93  13:20  Liberator x2, Supply Depot  
  93  13:27  Terran Infantry Weapons Level 3  
  93  13:28  Terran Infantry Armor Level 2  
  93  13:30  Liberator  
  93  13:37  Marine x2  
  93  13:38  Marine x3  
  93  13:39  SCV x2  
  93  13:53  Terran Ship Weapons Level 1  
  93  13:55  Marine  
  79  13:56  Marine x3  
  82  14:03  Liberator x2  
  82  14:05  Refinery, Marine  
  82  14:07  Nuke  
  82  14:12  Liberator  
  82  14:14  Marine  
  83  14:23  Ghost  
  83  14:24  Marine x3  
  91  14:27  Thor  
  91  14:30  SCV x3  
  106  14:32  Marine  
  107  14:42  SCV, Marine x3  
  111  14:46  Liberator x2  
  111  14:50  Marine  
  111  14:51  Ghost  
  114  14:59  Marine  
  114  15:00  Marine x2  
  123  15:07  Liberator, Marine  
  124  15:17  Marine  
  125  15:23  Ghost, Marine  
  125  15:25  Marine  
  101  15:28  Liberator x2  
  101  15:30  Marine  
  101  15:35  Marine  
  79  15:41  Marine  
  81  15:43  Marine  
  81  15:48  Marine  
  89  15:52  Ghost  
  89  15:53  Marine  
  92  15:59  Marine  
  92  16:00  Marine  
  94  16:05  Marine  
  94  16:11  Marine  
  96  16:17  Marine  
  97  16:18  Marine  
  97  16:20  Marine  
  97  16:22  Medivac  
  97  16:23  Marine  
  102  16:28  Medivac x2, Marine  
  107  16:35  Marine  
  107  16:36  Marine  
  107  16:38  Marine  
  110  16:41  Marine  
  110  16:46  Marine  
  109  16:52  Medivac, Marine  
  85  16:54  Marine  
  85  16:56  Liberator, Marine  
  85  16:58  Medivac  
  85  16:59  Marine  
  69  17:04  Marine  
  69  17:05  Liberator  
  69  17:10  Marine  
  69  17:11  Liberator  
  69  17:12  Marine  
  69  17:14  Marine  
  73  17:17  Marine  
  73  17:22  Marine  
  76  17:28  Marine  
  76  17:29  Marine  
  80  17:32  Marine  
  80  17:34  Marine  
  83  17:39  Liberator  
  83  17:40  Marine  
  84  17:46  Marine  
  84  17:47  Liberator, Marine  
  84  17:50  Marine  
  87  17:52  Marine  
  87  17:54  Liberator  
  87  17:58  Marine  
  92  18:04  Marine  
  92  18:05  Marine  
  96  18:07  Marine  
  96  18:10  Marine  
  102  18:15  Marine  
  103  18:22  Liberator, Marine  
  103  18:23  Marine  
  103  18:25  Marine  
  105  18:28  Marine  
  105  18:30  Liberator  
  105  18:33  Marine  
  106  18:37  Liberator  
  106  18:39  Marine  
  106  18:41  Marine  
  109  18:43  Marine  
  109  18:46  Marine  
  108  18:51  Marine  
  112  18:57  Marine  
  112  18:59  Marine  
  112  19:01  Marine  
  115  19:04  Liberator, Marine  
  115  19:09  Marine  
  92  19:15  Marine  
  92  19:16  Marine  
  85  19:19  Marine  
  85  19:20  Liberator  
  85  19:21  Marine  
  89  19:27  Marine  
  87  19:33  Marine  
  87  19:34  Marine  
  87  19:36  Ghost  
  94  19:39  Marine  
  94  19:44  Marine  
  80  19:51  Marine  
  80  19:52  Marine  
  82  19:57  Marine  
  83  20:02  Marine  
  82  20:08  Marine  
  82  20:10  Marine  
Show
View Real Time Build Order
Export as new Build Order

Yata Zerg - Winner!

Build Orders: Hatch First 

Get SALT Encoding   

  12  0:01  Drone  
  13  0:12  Overlord  
  13  0:18  Drone  
  14  0:31  Drone x2  
  14  0:35  Drone  
  17  0:54  Hatchery  
  16  0:58  Drone  
  16  1:01  Drone  
  18  1:12  Extractor  
  18  1:16  Spawning Pool  
  18  1:18  Drone  
  17  1:22  Drone  
  18  1:28  Drone  
  19  1:41  Overlord  
  19  1:57  Drone  
  20  2:06  Queen  
  20  2:07  Queen  
  24  2:08  Zergling x2  
  24  2:09  Zergling x2  
  24  2:14  Metabolic Boost  
  26  2:17  Drone x2  
  26  2:22  Drone  
  29  2:28  Drone  
  30  2:35  Drone  
  31  2:41  Drone  
  32  2:44  Overlord  
  32  2:59  Queen  
  32  3:01  Hatchery  
  33  3:22  Overlord x2  
  33  3:23  Overlord  
  33  3:32  Zergling x6  
  34  4:00  Baneling Nest  
  34  4:01  Drone x2  
  34  4:02  Extractor  
  34  4:05  Drone x4  
  38  4:14  Drone x3  
  41  4:25  Drone x3  
  44  4:34  Drone  
  44  4:35  Drone  
  46  4:40  Drone x3  
  46  4:41  Drone x4  
  53  4:52  Drone x4  
  57  4:53  Drone x2  
  59  5:05  Lair  
  56  5:15  Extractor  
  56  5:19  Drone x4  
  59  5:24  Zergling x10, Extractor  
  59  5:25  Zergling x6  
  66  5:58  Overlord  
  66  5:59  Overlord x5  
  66  6:01  Hatchery  
  65  6:08  Zergling x2  
  66  6:16  Queen  
  68  6:22  Zergling x2  
  68  6:23  Zergling x24  
  80  6:34  Drone  
  80  6:35  Drone x6  
  88  6:40  Zergling x4  
  89  6:53  Spire  
  88  7:19  Extractor  
  86  7:48  Drone  
  86  7:49  Drone x13  
  100  7:57  Infestation Pit  
  99  8:00  Drone x6  
  99  8:01  Drone x4  
  99  8:04  Extractor  
  108  8:08  Extractor  
  107  8:29  Mutalisk x6  
  107  8:33  Overlord x3  
  107  8:34  Overlord x2  
  119  8:46  Hive  
  119  8:47  Zerg Flyer Weapons Level 1  
  107  9:06  Mutalisk  
  107  9:07  Mutalisk x9  
  125  9:14  Zergling x2  
  125  9:15  Zergling x32  
  142  9:26  Mutalisk  
  142  9:27  Mutalisk x2  
  139  9:41  Hydralisk Den  
  139  9:45  Zergling x14  
  137  9:46  Zergling x8  
  139  10:31  Zergling x2  
  139  10:32  Zergling x8  
  115  11:15  Mutalisk  
  115  11:16  Mutalisk x11  
  111  11:21  Muscular Augments  
  111  11:29  Zergling x8  
  115  11:52  Hydralisk  
  115  11:53  Hydralisk x9  
  135  12:16  Zergling x2  
  135  12:17  Zergling x8  
  120  12:48  Zergling x22  
  120  12:49  Zergling x20  
  105  13:11  Zergling x16  
  105  13:12  Zergling x4  
  111  13:27  Zergling x6  
  111  13:28  Zergling x8  
  107  13:47  Zergling x2  
  107  13:48  Zergling x10  
  102  13:59  Zergling x6  
  89  14:15  Hatchery  
  88  14:20  Hatchery  
  79  14:31  Zergling x2  
  79  14:32  Zergling x16  
  79  14:36  Overseer x2  
  87  14:53  Hatchery  
  86  15:29  Zergling x20  
  86  15:30  Zergling x16  
  104  16:05  Zergling x16  
  104  16:06  Zergling x22  
  122  16:37  Zergling x2  
  122  16:38  Zergling x24  
  91  16:53  Zergling x14  
  77  17:14  Hydralisk  
  77  17:15  Hydralisk x9  
  97  17:23  Hydralisk x5  
  100  17:41  Zergling x10  
  100  17:42  Zergling x6  
  103  17:51  Zergling x8  
  104  17:55  Adrenal Glands  
  107  18:01  Ultralisk Cavern  
  107  18:03  Hydralisk  
  107  18:04  Hydralisk x6  
  119  18:18  Hydralisk x6  
  128  18:49  Chitinous Plating  
  128  18:54  Overlord x6  
  128  18:55  Overlord x3  
  128  18:56  Overlord  
  128  19:19  Ultralisk x4  
  152  19:37  Hydralisk x3, Evolution Chamber  
  156  19:39  Evolution Chamber  
  155  20:00  Zergling x2  
  155  20:01  Zergling x28  
Show
View Real Time Build Order
Export as new Build Order

Myhome Terran - Winner!

Build Orders: Reaper Expand, MMM Bio 

Get SALT Encoding   

  12  0:01  SCV  
  13  0:13  SCV  
  14  0:19  Supply Depot  
  14  0:25  SCV  
  15  0:40  SCV  
  15  0:42  Barracks  
  16  0:46  Refinery  
  16  0:53  SCV  
  17  1:05  SCV  
  18  1:17  SCV  
  19  1:30  Orbital Command  
  19  1:31  Reaper  
  19  1:32  Supply Depot  
  20  1:52  Command Center  
  20  1:56  SCV  
  21  2:02  Refinery  
  21  2:10  Barracks Reactor  
  21  2:16  SCV  
  22  2:26  Factory  
  22  2:28  SCV  
  23  2:40  SCV  
  24  3:00  Marine x2  
  24  3:02  SCV  
  27  3:07  Barracks  
  27  3:21  Command Center  
  27  3:22  SCV  
  27  3:23  Orbital Command  
  28  3:39  Marine x2  
  28  3:40  SCV  
  31  3:45  Factory Tech Lab  
  31  3:52  Barracks  
  31  3:54  SCV x2  
  31  3:55  Starport  
  33  3:56  Marine  
  33  3:57  Marine  
  34  4:03  Marine  
  34  4:06  Siege Tank  
  38  4:15  SCV x2  
  40  4:18  Barracks  
  40  4:23  Barracks Tech Lab  
  40  4:24  Marine x2  
  42  4:34  Supply Depot, SCV  
  42  4:35  SCV  
  44  4:39  Supply Depot  
  44  4:44  Orbital Command  
  44  4:47  Marine x2  
  44  4:49  Marauder  
  44  4:51  SCV  
  44  4:52  SCV  
  50  4:56  Starport Reactor  
  50  4:58  Stimpack  
  50  4:59  Barracks Tech Lab  
  50  5:03  SCV  
  50  5:04  SCV  
  50  5:05  Marine  
  53  5:10  Barracks Reactor  
  53  5:11  SCV  
  54  5:15  SCV  
  54  5:17  SCV  
  54  5:18  Marine x2  
  54  5:19  Marauder  
  54  5:21  Combat Shields  
  60  5:25  SCV  
  60  5:26  Marine  
  60  5:27  SCV  
  63  5:30  Supply Depot  
  63  5:32  Supply Depot, SCV  
  64  5:36  Medivac, Marine x2  
  64  5:39  Medivac  
  64  5:40  SCV  
  64  5:41  SCV  
  72  5:47  Engineering Bay  
  72  5:50  Engineering Bay  
  72  5:53  Refinery, SCV  
  72  5:54  Refinery, SCV  
  72  5:55  Marine  
  75  5:57  Marine  
  75  5:58  Marine  
  75  5:59  Marine  
  75  6:00  SCV  
  75  6:03  Marine  
  80  6:05  SCV  
  81  6:13  Marine  
  81  6:14  Marine  
  81  6:15  Marine, SCV x2  
  81  6:16  Marine  
  87  6:20  Terran Infantry Armor Level 1, Terran Infantry Weapons Level 1  
  87  6:23  Marine  
  87  6:24  Marine  
  87  6:25  SCV  
  90  6:26  Medivac  
  90  6:27  SCV  
  93  6:38  Supply Depot  
  93  6:39  Supply Depot  
  93  6:40  Supply Depot  
  93  6:59  Medivac, Marine x3  
  93  7:00  Marine x2, SCV x3  
  93  7:01  Armory, Command Center  
  103  7:02  Marine  
  104  7:10  Barracks  
  104  7:12  SCV x3  
  104  7:13  Barracks  
  107  7:17  Marine x3  
  107  7:18  Marine x2  
  107  7:19  Marine  
  112  7:35  Marine x3  
  112  7:36  Marine x2  
  116  7:37  Marine  
  117  7:53  Marine x3  
  117  7:54  SCV x2, Marine x2  
  117  7:55  Marine, SCV  
  112  7:58  Refinery  
  112  8:00  Refinery  
  112  8:05  Missile Turret x2  
  108  8:07  Missile Turret  
  108  8:09  Missile Turret x2  
  108  8:10  Marine x3  
  108  8:12  Marine x2  
  113  8:13  Marine, Missile Turret  
  113  8:14  Missile Turret  
  113  8:18  Missile Turret  
  113  8:19  Planetary Fortress, Missile Turret  
  114  8:20  Missile Turret  
  114  8:23  Missile Turret  
  114  8:25  Missile Turret  
  114  8:28  Marine  
  114  8:29  Missile Turret  
  114  8:30  Marine x3  
  114  8:31  Marine x2  
  120  8:34  Terran Infantry Weapons Level 2  
  120  8:37  Barracks Reactor x2  
  120  8:41  Terran Infantry Armor Level 2  
  120  8:49  Marine x6  
  120  8:50  Missile Turret  
  126  8:59  Medivac x2  
  126  9:00  SCV x2  
  122  9:21  Command Center  
  122  9:31  Supply Depot  
  122  9:32  Supply Depot  
  122  9:33  Supply Depot x2  
  122  9:34  Supply Depot  
  122  9:52  Marine x3  
  125  9:54  SCV x2, Marine x7  
  125  9:55  Medivac x2, SCV  
  139  10:10  Marine x3  
  139  10:11  Marine x3  
  139  10:12  Marine  
  125  10:30  Marine x3  
  125  10:31  Marine x6  
  125  10:32  Medivac x2  
  132  10:39  Marine  
  133  10:48  Marine x3  
  131  10:54  Marine x4  
  131  10:55  Marine x2  
  137  10:57  Marine  
  137  11:02  Medivac x2  
  142  11:05  Barracks  
  142  11:06  Barracks, Marine  
  142  11:08  Barracks  
  142  11:09  Barracks x2  
  143  11:20  Marine x3  
  143  11:21  Marine x6  
  143  11:24  Marine  
  153  11:28  Terran Infantry Armor Level 3, Terran Infantry Weapons Level 3  
  153  11:32  Medivac x2  
  157  11:38  Marine x3  
  160  12:00  Command Center  
  160  12:02  Medivac  
  154  12:16  Marine x4  
  158  12:27  Marine x5  
  158  12:28  Marine  
  133  12:33  Marine x2  
  133  12:34  Marine x2  
  122  12:39  Marine x4  
  123  12:45  Marine x6  
  123  12:46  Planetary Fortress  
  129  12:51  Marine x3  
  129  12:52  Marine  
  129  12:56  Marine  
  129  12:57  Marine  
  135  13:05  Marine x2  
  135  13:06  Marine x6  
  135  13:08  Medivac x2  
  135  13:09  Marine x4  
  148  13:14  Marine x2  
  149  13:23  Marine x2  
  151  13:31  Command Center x2  
  73  13:57  Marine x3  
  73  13:58  Marine x7  
  76  14:06  Marine x4  
  64  14:15  Marine x4  
  64  14:16  Marine  
  49  14:24  Marine x3  
  49  14:25  Marine  
  53  14:37  Marine x3  
  53  14:38  Marine  
  52  14:52  Marine  
  52  14:53  Marine x6  
  52  14:54  Marine  
  60  15:00  Marine  
  60  15:01  Marine  
  60  15:02  Marine  
  63  15:12  Marine x4  
  63  15:13  Orbital Command  
  67  15:16  Marine x2  
  69  15:25  Orbital Command  
  69  15:38  Orbital Command  
  69  15:59  Marine x3  
  72  16:09  SCV  
  72  16:10  SCV x3  
  46  16:33  SCV x3  
  46  16:34  SCV x2  
  51  16:45  Marine x5  
  51  16:46  Marine x4  
  61  16:47  SCV x4  
  61  16:53  Marine x4  
  61  16:54  Marine  
  39  17:41  Marine x7  
  39  17:42  Marine x6  
  39  17:43  Marine  
  42  17:58  Marine  
  42  17:59  Marine x4  
  42  18:36  Orbital Command  
  42  18:37  Marine x2  
  42  18:38  Marine x7  
  42  18:39  Marine  
  52  19:02  SCV x2  
  54  19:03  SCV x2  
  56  19:36  SCV  
  57  19:54  Marine x2  
  57  19:55  Marine x5  
  64  20:14  Marine x4  
Show
View Real Time Build Order
Export as new Build Order

SHreddedWInd Protoss - Winner!

Build Orders: Oracle Opening 

Get SALT Encoding   

  12  0:01  Probe (Chrono Boost)  
  13  0:12  Probe (Chrono Boost)  
  14  0:22  Pylon, Probe (Chrono Boost)  
  15  0:41  Probe (Chrono Boost)  
  16  0:48  Gateway  
  16  0:49  Assimilator  
  16  0:51  Probe (Chrono Boost)  
  17  1:02  Probe (Chrono Boost)  
  18  1:12  Probe (Chrono Boost)  
  19  1:18  Pylon  
  19  1:23  Probe (Chrono Boost)  
  20  1:33  Probe (Chrono Boost)  
  20  1:37  Cybernetics Core  
  21  1:40  Assimilator  
  21  1:44  Probe (Chrono Boost)  
  22  1:54  Probe (Chrono Boost)  
  23  2:05  Probe (Chrono Boost)  
  24  2:13  Warp Gate, Adept  
  28  2:16  Mothership Core (Chrono Boost)  
  28  2:20  Pylon  
  28  2:34  Probe (Chrono Boost)  
  29  2:43  Stargate  
  29  2:46  Pylon  
  29  2:57  Nexus, Probe (Chrono Boost)  
  30  2:59  Pylon  
  30  3:08  Probe (Chrono Boost)  
  31  3:28  Nexus  
  31  3:31  Oracle (Chrono Boost)  
  36  3:41  Adept  
  36  3:46  Gateway  
  36  4:04  Void Ray (Chrono Boost)  
  36  4:08  Probe  
  41  4:10  Probe  
  42  4:18  Assimilator  
  42  4:21  Probe (Chrono Boost)  
  42  4:22  Probe (Chrono Boost)  
  44  4:44  Probe (Chrono Boost)  
  45  4:46  Probe (Chrono Boost)  
  45  4:47  Probe (Chrono Boost)  
  47  4:53  Void Ray  
  47  4:54  Probe (Chrono Boost)  
  47  4:56  Probe (Chrono Boost)  
  47  4:57  Probe (Chrono Boost)  
  54  5:03  Pylon  
  54  5:04  Adept  
  54  5:05  Probe (Chrono Boost)  
  58  5:07  Probe (Chrono Boost)  
  58  5:08  Adept, Probe (Chrono Boost)  
  61  5:29  Probe (Chrono Boost)  
  61  5:34  Adept x2  
  66  5:37  Void Ray  
  66  5:39  Probe (Chrono Boost)  
  71  5:45  Gateway, Stargate  
  71  5:47  Probe (Chrono Boost)  
  72  5:50  Assimilator, Probe (Chrono Boost)  
  72  5:53  Assimilator  
  73  5:58  Probe (Chrono Boost)  
  74  6:11  Probe (Chrono Boost)  
  75  6:13  Assimilator  
  75  6:21  Probe x2 (Chrono Boost)  
  77  6:29  Void Ray  
  77  6:31  Probe (Chrono Boost)  
  77  6:32  Adept x2  
  84  6:35  Void Ray  
  90  6:41  Fleet Beacon  
  90  6:43  Pylon x2  
  90  6:45  Protoss Air Weapons Level 1 (Chrono Boost)  
  90  6:48  Probe  
  90  6:50  Zealot  
  93  6:59  Probe  
  94  7:03  Probe  
  94  7:06  Stargate  
  94  7:07  Stargate  
  95  7:10  Probe  
  95  7:12  Void Ray (Chrono Boost)  
  95  7:13  Probe  
  101  7:21  Probe  
  101  7:26  Carrier (Chrono Boost)  
  108  7:32  Probe  
  107  7:47  Probe  
  108  7:59  Pylon x2, Probe  
  108  8:01  Pylon  
  109  8:14  Nexus  
  109  8:17  Pylon  
  115  8:23  Carrier (Chrono Boost)  
  112  8:27  Carrier (Chrono Boost)  
  112  8:30  Probe  
  125  8:36  Graviton Catapult  
  125  8:37  Carrier (Chrono Boost)  
  125  8:41  Carrier (Chrono Boost), Cybernetics Core  
  125  8:42  Probe  
  125  8:43  Pylon  
  132  8:59  Protoss Air Weapons Level 2 (Chrono Boost)  
  132  9:20  Adept x3  
  138  9:35  Probe  
  139  9:40  Carrier  
  139  9:41  Protoss Air Armor Level 1 (Chrono Boost)  
  139  9:45  Carrier, Probe  
  145  9:50  Pylon  
  145  9:51  Pylon  
  152  9:53  Pylon  
  152  9:55  Pylon  
  152  9:56  Pylon  
  152  9:59  Carrier  
  150  10:13  Pylon  
  150  10:15  Assimilator  
  150  10:19  Assimilator  
  142  10:31  Carrier  
  148  10:36  Probe  
  149  10:47  Probe  
  150  10:57  Probe  
  150  11:03  Protoss Air Weapons Level 3 (Chrono Boost)  
  151  11:05  Carrier  
  151  11:10  Carrier  
  163  11:24  Carrier (Chrono Boost)  
  165  11:37  Adept  
  165  11:38  Adept x2  
  163  11:45  Protoss Air Armor Level 2 (Chrono Boost)  
  138  12:16  Carrier (Chrono Boost)  
  109  12:36  Carrier (Chrono Boost)  
  115  12:41  Carrier (Chrono Boost)  
  97  12:50  Carrier (Chrono Boost), Adept  
  97  12:51  Adept x2  
  109  12:58  Stargate  
  109  12:59  Stargate  
  109  13:02  Stargate  
  109  13:32  Zealot x2  
  109  13:33  Zealot  
  115  13:37  Carrier (Chrono Boost)  
  117  13:54  Carrier (Chrono Boost)  
  129  14:06  Carrier (Chrono Boost)  
  135  14:10  Carrier (Chrono Boost)  
  153  14:32  Carrier x3 (Chrono Boost)  
  145  15:00  Carrier (Chrono Boost)  
  145  15:10  Carrier (Chrono Boost)  
  157  15:23  Carrier (Chrono Boost)  
  157  15:25  Protoss Air Armor Level 3 (Chrono Boost)  
  163  15:48  Forge  
  163  16:15  Nexus  
  163  16:20  Carrier  
  163  16:22  Carrier  
  175  16:54  Carrier  
  180  17:24  Carrier  
Tags
 
Add a new tag
Caveats
  • Supply blocks, unpowered buildings, or Contaminate may cause inaccurate times.
  • Supply counts are checked every 10 seconds.